 Dungeon Crawl Stone Soup version 0.30-a0-330-g8f2769a82d (webtiles) character file.

Game seed: 16446563132404027121

184180 MrRokkomies the Dancer (level 17, 0/166 HPs)
             Began as an Armataur Brigand on Oct 28, 2022.
             Was a Priest of Uskayaw.
             Slain by an alligator (19 damage)
             ... on level 3 of the Swamp on Oct 29, 2022.
             The game lasted 02:00:16 (29086 turns).

MrRokkomies the Dancer (Armataur Brigand)          Turns: 29086, Time: 02:00:16

Health: 0/166      AC: 23    Str: 19    XL:     17   Next: 77%
Magic:  28/28      EV: 14    Int: 13    God:    Uskayaw [***...]
Gold:   534        SH:  0    Dex: 18    Spells: 16/16 levels left

rFire   + . .      SeeInvis +    b - +7 lajatang of Order {silver, rMut}
rCold   + + .      Faith    .    (shield currently unavailable)
rNeg    + . .      Spirit   .    X - +0 swamp dragon scales
rPois   +          Reflect  .    d - +0 hat {Will+}
rElec   .          Harm     .    y - +2 cloak
rCorr   .          Roll     +    x - +2 pair of gloves
rMut    +          Clarity  +    O - +0 barding
Will    +++..                    c - macabre finger necklace {rN+}
Stlth   ++++......               w - ring "Lihuenaz" {rC++ SInv}
HPRegen 0.47/turn                A - +4 ring of evasion
MPRegen 0.21/turn                l - ring "Dapnifat" {rPois rF+ Str+2}

@: hasted, slow
A: large, rugged brown scales 3, deformed body, armoured tail, roll, long
tongue, awkward tongue, horns 1, clarity, strong-willed 1, subdued magic 1,
sturdy frame 1
a: Renounce Religion, Stomp, Line Pass


You were on level 3 of the Swamp.
You worshipped Uskayaw.
Uskayaw was pleased with you.
You visited 4 branches of the dungeon, and saw 25 of its levels.
You also visited: Sewer and Bailey.

You collected 3233 gold pieces.
You spent 2699 gold pieces at shops.

Inventory:

Hand Weapons
 a - the +4 short sword of Eternal Night {flame, rElec}
   (You found it on level 10 of the Dungeon)

   It burns those it strikes, dealing additional fire damage.
   rElec:     It insulates you from electricity.
 b - the +7 lajatang of Order (weapon) {silver, rMut}
   (You found it on level 12 of the Dungeon)

   It inflicts extra damage upon those it strikes, and deals substantially
   increased damage to chaotic, mutated and magically transformed beings.
   rMut:      It protects you from mutation.
Missiles
 e - 10 curare-tipped darts
 k - 6 datura-tipped darts
 n - 9 silver boomerangs
 p - 3 boomerangs of dispersal
 B - a throwing net
 K - 40 boomerangs (quivered)
 M - 4 atropa-tipped darts
Armour
 d - a +0 hat of willpower (worn)
 x - a +2 pair of gloves (worn)
 y - a +2 cloak (worn)
 O - a +0 barding (worn)
 X - +0 swamp dragon scales (worn)
Jewellery
 c - the macabre finger necklace (around neck) {rN+}
   (You bought it in a shop on level 11 of the Dungeon)

   [amulet of nothing]

   It enables you to equip an extra ring.
   rN:        It protects you from negative energy.
 l - the ring "Dapnifat" (on amulet) {rPois rF+ Str+2}
   (You found it on level 2 of the Swamp)

   [ring of protection from fire]

   Str:       It affects your strength (+2).
   rF:        It protects you from fire.
   rPois:     It protects you from poison.
 s - a ring of willpower
 w - the ring "Lihuenaz" (left hand) {rC++ SInv}
   (You found it on level 2 of the Swamp)

   [ring of see invisible]

   rC:        It greatly protects you from cold.
   SInv:      It lets you see invisible.
 A - a +4 ring of evasion (right hand)
 F - a ring of positive energy
Wands
 h - a wand of mindburst (19)
 m - a wand of polymorph (5)
 u - a wand of flame (43)
 E - a wand of light (8)
 V - a wand of roots (15)
 W - a wand of charming (18)
Scrolls
 f - a scroll of blinking
 o - 2 scrolls of magic mapping
 v - a scroll of poison
 z - 8 scrolls of teleportation
 D - 3 scrolls of fog
 N - 3 scrolls of fear
 P - a scroll of silence
 S - 4 scrolls of enchant armour
 U - 2 scrolls of summoning
 Z - 2 scrolls of immolation
Potions
 j - 10 potions of curing
 q - a potion of resistance
 r - 5 potions of lignification
 t - a potion of berserk rage
 C - 2 potions of magic
 H - 4 potions of haste
 I - 8 potions of mutation
 J - 4 potions of might
 Q - 4 potions of brilliance
 R - 3 potions of invisibility
 T - 2 potions of ambrosia
 Y - 3 potions of flight
Miscellaneous
 g - a condenser vane
 i - a tin of tremorstones (2/2)
 G - a phial of floods


   Skills:
 - Level 15.0 Fighting
 - Level 10.0 Short Blades
 - Level 9.3(11.9) Maces & Flails
 * Level 11.8(13.1) Staves
 * Level 7.0 Throwing
 + Level 11.2 Armour
 - Level 6.0 Dodging
 - Level 10.1 Stealth
 - Level 15.1 Invocations
 + Level 4.4 Evocations


You had 16 spell levels left.
You didn't know any spells.
Your spell library contained the following spells:

 Spells                   Type           Power      Damage    Failure   Level
 Apportation              Tloc           0%         N/A       32%         1
 Beastly Appendage        Tmut           0%         N/A       32%         1
 Slow                     Hex            0%         N/A       32%         1
 Cigotuvi's Dreadful Rot  Necr/Pois/Air  0%         N/A       45%         2
 Poisonous Vapours        Pois/Air       0%         N/A       45%         2
 Sublimation of Blood     Necr           0%         N/A       45%         2
 Wereblood                Tmut           0%         N/A       45%         2
 Confusing Touch          Hex            0%         N/A       71%         3
 Dazzling Flash           Conj/Hex       0%         N/A       71%         3
 Gell's Gravitas          Tloc           0%         N/A       71%         3
 Ignite Poison            Fire/Tmut/Pois 0%         N/A       71%         3
 Kindle Blastsparks       Fire/Tloc/Air  0%         2d10      71%         3
 Mephitic Cloud           Conj/Pois/Air  0%         N/A       71%         3
 Ozocubu's Armour         Ice            0%         N/A       71%         3
 Portal Projectile        Hex/Tloc       0%         N/A       71%         3
 Spider Form              Tmut/Pois      0%         N/A       71%         3
 Stone Arrow              Conj/Erth      0%         3d7       71%         3
 Teleport Other           Tloc           0%         N/A       71%         3
 Tukima's Dance           Hex            0%         N/A       71%         3
 Vampiric Draining        Necr           0%         2d6       71%         3
 Animate Armour           Summ/Erth      0%         N/A       98%         4
 Fulminant Prism          Conj/Hex       0%         3d5       98%         4
 Iskenderun's Mystic Bla  Conj/Tloc      0%         2d3       98%         4
 Passage of Golubria      Tloc           0%         N/A       98%         4
 Petrify                  Tmut/Erth      0%         N/A       98%         4
 Sticky Flame             Conj/Fire      0%         2d3       98%         4
 Alistair's Intoxication  Tmut/Pois      0%         N/A       100%        5
 Blade Hands              Tmut           0%         N/A       100%        5
 Lee's Rapid Deconstruct  Erth           0%         3d4*      100%        5
 Metabolic Englaciation   Hex/Ice        0%         N/A       100%        5
 Summon Forest            Summ/Tloc      0%         N/A       100%        5
 Summon Mana Viper        Hex/Summ       0%         N/A       100%        5
 Yara's Violent Unravell  Hex/Tmut       0%         3d3       100%        5
 Dispersal                Tloc           0%         N/A       100%        6
 Simulacrum               Ice/Necr       0%         N/A       100%        6
 Starburst                Conj/Fire      0%         6d3       100%        6
 Statue Form              Tmut/Erth      0%         N/A       100%        6
 Summon Cactus Giant      Summ           0%         N/A       100%        6
 Enfeeble                 Hex            0%         N/A       100%        7
 Malign Gateway           Summ/Tloc      0%         N/A       100%        7
 Summon Hydra             Summ           0%         N/A       100%        7
 Ignition                 Fire           0%         3d3       100%        8
 Lehudib's Crystal Spear  Conj/Erth      0%         10d2      100%        8
 Summon Horrible Things   Summ           0%         N/A       100%        8


Dungeon Overview and Level Annotations

Branches:
Dungeon (15/15)            Temple (0/1) D:6            Lair (5/5) D:11
  Swamp (3/4) Lair:2        Snake (0/4) Lair:3        Slime (0/5) Lair:4
    Orc (2/2) D:12            Elf (0/3) Orc:2        Vaults (0/5) D:13
 Depths (0/4) D:15          Sewer (visited)          Bailey (visited)

Altars:
Ashenzari
Elyvilon
Gozag
Makhleb
Okawaru
Qazlal
Ru
Sif Muna
Trog
Uskayaw
Vehumet
The Shining One
Jiyva

Shops:
D:2 (   D:3 :   D:11 *   Orc:2 *[==(

Annotations:
Lair:3 3 runed translucent doors, twist's ghost, journeyman GnCA
Swamp:3 Bai Suzhen
Orc:1 1 transporter, 2 runed translucent doors, Hagrun's ghost, journeyman OpVM


Innate Abilities, Weirdness & Mutations

You are completely covered in rugged brown scales. (AC +3, +7% HP)
Armour fits poorly on your strangely shaped body.
You have a long armoured tail.
You roll when moving toward enemies. (Rampage)
Your long tongue fully drains potion bottles. (2x potion effects)
Your tongue gives you trouble enunciating. (1.5x scroll delay)
You have a pair of small horns on your head.
You possess an exceptional clarity of mind.
You are strong-willed. (Will+)
Your spells are a little easier to cast, but a little less powerful.
Your movements are slightly less encumbered by armour. (ER -2)


Message History

The swamp worm fires a harpoon shot at you.
The harpoon shot hits you!
* * * LOW HITPOINT WARNING * * *
You are yanked forward by the harpoon shot.
Splash!
You fall into the shallow water.
Moving in this stuff is going to be slow.
The bunyip howls a warning cry!
The alligator bites you but does no damage.
The alligator tail-slaps you but does no damage.
Your spriggan druid is struck by lightning.
Your spriggan druid hits Bai Suzhen with a +0 quarterstaff.
The swamp worm closely misses you.
Okay, then.
Blink to where?
Press: ? - help, Dir - move target Splash!
As you slowly read the scroll of blinking, it crumbles to dust.
The swamp worm is no longer sharing its pain.
Bai Suzhen misses your spriggan druid.
Bai Suzhen claws your spriggan druid but does no damage.
Bai Suzhen tramples your spriggan druid.
Your spriggan druid stumbles backwards!
With its final breath, your spriggan druid offers up its power to the beasts of the wild!
Your spriggan druid dies!
Your spriggan druid's corpse dissolves into shadows!
Your tyrant leech bites Bai Suzhen!!
Your tyrant leech draws strength from Bai Suzhen's injuries!
You slurp down every last drop of the 5 potions of haste!
You feel yourself speed up.
Bai Suzhen breathes water at your tyrant leech.
The torrent of water hits your tyrant leech!!!
The wave splashes down.
Your tyrant leech is struck by lightning.
Your tyrant leech dies!
Your tyrant leech's corpse dissolves into shadows!
The bunyip is no longer sharing its pain.
Your spriggan hits Bai Suzhen with a +0 rapier!
The alligator bites you!!
You die... ~. 7~~~§§§§~.7 ....§~~§7§§§§§.7 ~~~.~77~§§§§§§.7 §.~~~~~7§~§~~.7 77777

~~~~~~~~~.7~§~.7 77..~~7
.~~7~~~~§~~w~)777 7~7..7
~7~~~~77§§§§..~~7777~<.7
~~.w.~~~~§Di≈.~~~77~~~77
w~.~~~.7§§§§~.xt@7).)77
....~~§.§~7~..§~~.)..7
7~.~§.77~~~.~~.~~...77
77.~7. 77~~~...77...7
7~~~. 7.~.<77777..7 77..
7~§..77 7~~§ .7.~.~~~77
77... .~~~~~ 77.77 §~~~~
.7


You could see Bai Suzhen (clouds, distracted, pain bonded, ally target), a
bunyip, an alligator (swift), a swamp worm and a friendly spriggan (summoned).

Vanquished Creatures
  Rupert (D:14)
  The ghost of Ijustatesigmund the Blocker, an adept GnFi of Cheibriados (Swamp:2)
  Gastronok (Lair:1)
  Kirke (D:15)
  A fenstrider witch (Swamp:1)
  A fire giant (D:12)
  An orc warlord (Bailey)
  Azrael (D:13)
  2 eleionomae
  2 bunyips
  Snorg (Lair:5)
  2 fire dragons (Lair:5)
  Josephine (D:13)
  A shambling mangrove (Swamp:1)
  6 hydras
  A rakshasa (D:12)
  8 centaur warriors
  2 ogre magi
  8 two-headed ogres
  A catoblepas (Lair:2)
  6 boulder beetles
  3 alligators (Swamp:2)
  4 tengu warriors
  A deep troll earth mage (D:12)
  3 orc high priests (Orc:2)
  Amaemon (D:9)
  2 skeletal warriors
  5 goliath frogs
  A spriggan druid (Swamp:2)
  4 swamp dragons
  A bog body (Swamp:2)
  2 phantasmal warriors (D:12)
  A necromancer (D:15)
  A wizard (D:15)
  9 orc knights
  A lindwurm (Lair:5)
  13 ugly things
  4 orc sorcerers
  A manticore (D:11)
  A will-o-the-wisp (Swamp:1)
  A moth of wrath (Swamp:2)
  11 cyclopes
  Maurice (D:8)
  8 black mambas
  7 torpor snails
  A centaur zombie (D:15)
  A naga mage (D:15)
  5 gargoyles (D:12)
  13 cane toads
  Maggie (D:8)
  23 elephants
  An orange demon (D:9)
  2 efreet
  7 rime drakes
  An unseen horror (D:12)
  A redback zombie (D:15)
  4 kobold demonologists
  4 centaur skeletons (D:13)
  3 tengu conjurers
  6 komodo dragons
  9 trolls
  15 hornets
  2 polar bears
  Prince Ribbit (D:8)
  22 blink frogs
  20 slime creatures
  A meliai zombie (D:15)
  A raiju (shapeshifter) (D:13)
  13 tyrant leeches
  10 dream sheep (Lair:5)
  3 centaur simulacra
  A jumping spider (D:12)
  4 shadows
  6 wraiths
  54 yaks
  8 spriggans
  6 fire elementals
  2 wyverns
  3 vampires
  6 basilisks
  3 hogs (D:15)
  A redback (D:12)
  Menkaure (D:6)
  4 steam dragons
  14 vampire mosquitoes
  5 wargs
  2 nagas (Lair:3)
  9 swamp worms
  10 acid dragons
  2 hell hounds
  18 water moccasins
  A swamp drake (Lair:5)
  39 orc warriors
  A sky beast (D:8)
  Duvessa (D:5)
  3 ice beasts
  3 black bears
  9 ogres
  7 wolves
  13 centaurs
  A phantom (D:7)
  15 kobold brigands
  17 bullfrogs
  A necrophage (D:6)
  4 scorpions
  18 wights
  Dowan (D:5)
  22 killer bees
  8 howler monkeys
  2 electric eels (Lair:4)
  24 orc priests
  3 hounds
  A jelly (D:7)
  Crazy Yiuf (D:2)
  A gnoll bouda (D:6)
  Ijyb (D:4)
  Natasha (D:2)
  9 hell rats
  8 iguanas
  31 orc wizards
  A boggart skeleton (D:15)
  Robin (D:2)
  14 gnolls
  9 adders
  13 river rats
  A shadow imp (D:6)
  2 ufetubi
  A worm (D:4)
  A dart slug (D:5)
  92 orcs
  7 endoplasms
  4 giant cockroaches
  20 goblins
  11 hobgoblins
  11 jackals
  A quokka (D:4)
  3 training dummies (Orc:2)
  9 ball pythons
  3 bats
  8 frilled lizards
  43 kobolds
  11 rats
976 creatures vanquished.

Vanquished Creatures (collateral kills)
  A hog (D:15)
  A goblin (Bailey)
2 creatures vanquished.

Vanquished Creatures (others)
  A two-headed ogre (D:15)
  An orc sorcerer (Orc:2)
  A bloated husk (Swamp:2)
  An orc warrior (Orc:2)
  A centaur (D:8)
  An orc (D:5)
  41 fungi
  85 plants
132 creatures vanquished.

Grand Total: 1110 creatures vanquished

Notes
Turn   | Place    | Note
-------+----------+-------------------------------------------
     0 | D:1      | MrRokkomies the Armataur Brigand began the quest for the
                  | Orb.
     0 | D:1      | Reached XP level 1. HP: 18/18 MP: 1/1
    33 | D:1      | Reached XP level 2. HP: 16/25 MP: 2/2
   441 | D:1      | Reached skill level 1 in Dodging
   442 | D:1      | Reached XP level 3. HP: 31/31 MP: 3/3
   712 | D:2      | Noticed Natasha
   760 | D:2      | Found Ickiyxev's Antique Weapon Shoppe.
   929 | D:2      | Found a faded altar of an unknown god.
   989 | D:2      | Killed Natasha
   990 | D:2      | Reached XP level 4. HP: 14/39 MP: 4/4
  1123 | D:2      | Noticed Robin
  1151 | D:2      | Killed Robin
  1289 | D:2      | Found a runed translucent door.
  1290 | D:2      | Noticed Crazy Yiuf
  1319 | D:2      | Reached skill level 5 in Stealth
  1554 | D:2      | Killed Crazy Yiuf
  1555 | D:2      | Reached XP level 5. HP: 24/48 MP: 5/5
  1704 | D:3      | Found Xirenk's Vocational Training.
  2387 | D:4      | Found a broken altar of Ashenzari.
  2387 | D:4      | Found an opulent altar of Gozag.
  2387 | D:4      | Found an iron altar of Okawaru.
  2394 | D:4      | Found a bloodstained altar of Trog.
  2460 | D:4      | Noticed a black bear
  2465 | D:4      | Killed a black bear
  2466 | D:4      | Reached XP level 6. HP: 46/54 MP: 6/6
  2734 | D:4      | Noticed Ijyb
  2744 | D:4      | Killed Ijyb
  2824 | D:4      | Noticed a hornet
  2834 | D:4      | Paralysed by a hornet for 1 turns
  2841 | D:4      | Killed a hornet
  2842 | D:4      | Reached XP level 7. HP: 24/63 MP: 7/7
  3239 | D:5      | Entered Level 5 of the Dungeon
  3241 | D:5      | Found a hide-covered altar of Uskayaw.
  3251 | D:5      | Became a worshipper of Uskayaw the Reveller
  3274 | D:5      | Reached * piety under Uskayaw
  3276 | D:5      | Reached ** piety under Uskayaw
  3283 | D:5      | Reached *** piety under Uskayaw
  3285 | D:5      | Reached **** piety under Uskayaw
  3314 | D:5      | Noticed a steam dragon
  3340 | D:5      | Killed a steam dragon
  3341 | D:5      | Reached skill level 1 in Invocations
  3341 | D:5      | Reached XP level 8. HP: 56/71 MP: 8/8
  3349 | D:5      | Reached ***** piety under Uskayaw
  3372 | D:5      | Reached skill level 5 in Short Blades
  3545 | D:5      | Reached skill level 5 in Fighting
  3554 | D:5      | Noticed Duvessa
  3558 | D:5      | Noticed Dowan
  3560 | D:5      | Killed Duvessa
  3568 | D:5      | Killed Dowan
  3826 | D:5      | Found a glowing drain.
  3836 | Sewer    | Entered a sewer
  4257 | Sewer    | Reached XP level 9. HP: 80/80 MP: 11/11
  5012 | D:6      | Found a staircase to the Ecumenical Temple.
  5376 | D:6      | Noticed Menkaure
  5384 | D:6      | Killed Menkaure
  5961 | D:7      | Found a radiant altar of Vehumet.
  6015 | D:7      | Found a flagged portal.
  6034 | Bailey   | Entered a bailey
  6066 | Bailey   | Gained mutation: You have a pair of small horns on your
                  | head. [potion of mutation]
  6066 | Bailey   | Gained mutation: You are strong-willed. (Will+) [potion of
                  | mutation]
  6066 | Bailey   | Gained mutation: You are robust. (+10% HP) [potion of
                  | mutation]
  6066 | Bailey   | Gained mutation: Your spells are a little easier to cast,
                  | but a little less powerful. [potion of mutation]
  6066 | Bailey   | Lost mutation: You are robust. (+10% HP) [potion of
                  | mutation]
  6066 | Bailey   | Gained mutation: Your movements are slightly less
                  | encumbered by armour. (ER -2) [potion of mutation]
  6066 | Bailey   | Gained mutation: You possess an exceptional clarity of
                  | mind. [potion of mutation]
  6074 | Bailey   | Noticed an orc warlord
  6078 | Bailey   | Reached XP level 10. HP: 92/92 MP: 13/13
  6168 | Bailey   | Found a runed translucent gate.
  6168 | Bailey   | Found a runed translucent gate.
  6181 | Bailey   | Noticed an orc knight
  6209 | Bailey   | Killed an orc knight
  6264 | Bailey   | Reached skill level 5 in Dodging
  6264 | Bailey   | Reached skill level 10 in Stealth
  6264 | Bailey   | Reached XP level 11. HP: 105/105 MP: 13/15
  6264 | Bailey   | Reached XP level 12. HP: 113/113 MP: 13/16
  6285 | Bailey   | Found a runed translucent gate.
  6464 | Bailey   | Killed an orc warlord
  6465 | Bailey   | Reached skill level 10 in Fighting
  6465 | Bailey   | Reached skill level 10 in Short Blades
  6531 | Bailey   | Reached XP level 13. HP: 120/120 MP: 17/22
  6531 | Bailey   | Reached XP level 14. HP: 129/129 MP: 17/23
  6658 | D:7      | Found a shimmering blue altar of Sif Muna.
  6667 | D:7      | Found a glowing golden altar of the Shining One.
  7017 | D:8      | Reached skill level 1 in Maces & Flails
  7213 | D:8      | Noticed Prince Ribbit
  7217 | D:8      | Killed Prince Ribbit
  7279 | D:8      | Noticed Maurice
  7283 | D:8      | Killed Maurice
  7416 | D:8      | Found a white marble altar of Elyvilon.
  7504 | D:8      | Noticed Maggie
  7524 | D:8      | Killed Maggie
  7902 | D:9      | Found a burning altar of Makhleb.
  7977 | D:9      | Found a stormy altar of Qazlal.
  8047 | D:9      | Noticed Amaemon
  8072 | D:9      | Killed Amaemon
  8073 | D:9      | Reached skill level 1 in Armour
  8546 | D:10     | Entered Level 10 of the Dungeon
  8812 | D:10     | Found a sacrificial altar of Ru.
  8978 | D:10     | Identified the +4 short sword of Eternal Night {flame,
                  | rElec}
  9505 | D:11     | Found Puwaiduine's General Store.
  9512 | D:11     | Bought the macabre finger necklace {rN+} for 600 gold
                  | pieces
  9512 | D:11     | Found the macabre finger necklace {rN+}
  9989 | D:11     | Found a staircase to the Lair.
 10029 | Lair:1   | Entered Level 1 of the Lair of Beasts
 10538 | Lair:1   | Reached skill level 5 in Maces & Flails
 11373 | Lair:1   | Noticed Gastronok
 11392 | Lair:1   | Killed Gastronok
 11761 | Lair:2   | Identified the +6 falchion "Kuzas" {venom, rElec Str+5
                  | Stlth-}
 12146 | D:11     | Reached XP level 15. HP: 54/141 MP: 25/25
 12387 | D:11     | Bought a scroll of brand weapon for 142 gold pieces
 12490 | Lair:2   | Reached skill level 5 in Armour
 13847 | Lair:2   | Found a staircase to the Swamp.
 14006 | Lair:3   | Identified the +8 flail of Muffach {drain, rN+ Int+2}
 14007 | Lair:3   | Found a runed translucent gate.
 14007 | Lair:3   | Found a runed translucent gate.
 14007 | Lair:3   | Found a runed translucent gate.
 14651 | Lair:3   | Found a staircase to the Snake Pit.
 15222 | Lair:3   | Noticed twist's ghost (journeyman GnCA)
 15954 | Lair:4   | Identified the +1 leather armour of Hadjma {Harm rPois}
 16273 | Lair:4   | Found a staircase to the Slime Pits.
 16274 | Lair:4   | Found a viscous altar of Jiyva.
 16769 | Lair:5   | Entered Level 5 of the Lair of Beasts
 16803 | Lair:5   | Noticed Snorg
 16834 | Lair:5   | Killed Snorg
 17025 | Lair:5   | Reached ****** piety under Uskayaw
 18067 | Lair:5   | Found a runed translucent door.
 18603 | Lair:5   | Reached XP level 16. HP: 92/154 MP: 26/26
 18736 | Lair:5   | Paralysed by a hornet for 1 turns
 19265 | D:12     | Found the +7 lajatang of Order {silver, rMut}
 19616 | D:11     | Reached skill level 1 in Staves
 20121 | D:12     | Found a staircase to the Orcish Mines.
 20399 | D:12     | Noticed Nessos
 20417 | D:12     | Nessos changed into Nessos the jumping spider
 20417 | D:12     | Noticed Nessos
 20449 | D:12     | Killed Nessos the jumping spider
 20730 | D:12     | Reached skill level 5 in Staves
 20821 | D:12     | Identified the +9 whip "Liahumasch" {venom, Dex+6}
 20828 | D:12     | Identified the +1 leather armour of the Dreams {+Blink
                  | rPois Int+3 Dex+2}
 21001 | Orc:1    | Entered Level 1 of the Orcish Mines
 21092 | Orc:1    | Found a transporter.
 21100 | Orc:1    | Found a large runed translucent door.
 21100 | Orc:1    | Found a large runed translucent door.
 21101 | Orc:1    | Noticed Hagrun's ghost (journeyman OpVM)
 21463 | Orc:2    | Entered Level 2 of the Orcish Mines
 21937 | Orc:2    | Found Vuoqonah's Firing Range.
 22208 | Orc:2    | Found a staircase to the Elven Halls.
 22360 | Orc:2    | Found Ylic's Jewellery Emporium.
 22360 | Orc:2    | Found Saatolu's General Store.
 22374 | Orc:2    | Found Mumpoc's Jewellery Emporium.
 22374 | Orc:2    | Found Joste's Antique Armour Boutique.
 22471 | Orc:2    | Bought a ring of willpower for 375 gold pieces
 22471 | Orc:2    | Bought a ring of protection from fire for 375 gold pieces
 22487 | Orc:2    | Bought a ring of see invisible for 210 gold pieces
 22490 | Orc:2    | Bought a pair of runed gloves for 232 gold pieces
 22494 | Orc:2    | Bought a potion of heal wounds for 85 gold pieces
 22494 | Orc:2    | Bought a tin of tremorstones (2/2) for 680 gold pieces
 22720 | D:13     | Noticed Azrael
 23161 | D:13     | Reached skill level 15 in Invocations
 23423 | D:13     | Noticed Josephine
 23441 | D:13     | Killed Josephine
 23514 | D:13     | Killed Azrael
 24316 | D:13     | Found a gate to the Vaults.
 24318 | D:13     | Upgraded the game from 0.30-a0-325-gb515db48ae to
                  | 0.30-a0-330-g8f2769a82d
 24350 | D:14     | Found a hide-covered altar of Uskayaw.
 24473 | D:14     | Reached skill level 1 in Evocations
 24508 | D:14     | Reached skill level 10 in Armour
 24592 | D:14     | Noticed Rupert
 24613 | D:14     | Killed Rupert
 24614 | D:14     | Reached XP level 17. HP: 76/164 MP: 28/28
 25020 | D:14     | Identified the +9 hand axe "Ibuah" {protect, rElec rF+
                  | Int-3}
 25392 | D:15     | Entered Level 15 of the Dungeon
 25402 | D:15     | Reached skill level 15 in Fighting
 25529 | D:15     | Noticed Kirke
 25555 | D:15     | Reached skill level 10 in Staves
 25558 | D:15     | Killed Kirke
 25559 | D:15     | Reached skill level 5 in Throwing
 25856 | D:15     | Found an iron altar of Okawaru.
 26119 | D:15     | Found a staircase to the Depths.
 26312 | Swamp:1  | Entered Level 1 of the Swamp
 27983 | Swamp:2  | Found a transporter.
 27994 | Swamp:2  | Noticed Ijustatesigmund's ghost (adept GnFi)
 28007 | Swamp:2  | Found a transporter.
 28062 | Swamp:2  | Identified the +4 spear "Vunuyfogoa" {freeze, *Rage rElec
                  | Dex+2}
 28081 | Swamp:2  | Identified the +5 scimitar of Itsuh {spect, Str-3 Dex+7}
 28441 | Swamp:2  | Killed Ijustatesigmund's ghost
 28671 | Swamp:2  | Identified the ring "Dapnifat" {rPois rF+ Str+2}
 28674 | Swamp:2  | Identified the ring "Lihuenaz" {rC++ SInv}
 29055 | Swamp:3  | Noticed Bai Suzhen
 29077 | Swamp:3  | HP: 5/166 [bunyip (28)]
 29086 | Swamp:3  | Slain by an alligator

Illustrated notes

Levels and vault maps discovered:
D:1:      amcnicky_arrival_blooded_trapdoor, layout_basic
D:2:      layout_rooms, shapermc_ecumenical_altar_petra, serial_shops,
          nicolae_shop_advertising_works [nicolae_subvault_shop_adworks],
          serial_forest, infiniplex_forest_lined_3,
          infiniplex_forest_lined_room_3, infiniplex_forest_straight_4,
          infiniplex_forest_straight_2, infiniplex_forest_clump_small,
          infiniplex_forest_clump_medium, infiniplex_forest_straight_4,
          infiniplex_forest_clump_long, wander_ebering_terrifying_dragon_lair,
          uniq_crazy_yiuf_cottage, uniq_robin, uniq_natasha
D:3:      layout_loops_ring, nicolae_shop_vocational
D:4:      layout_loops_corners, mainiacjoe_overflow_catwalk,
          gammafunk_temple_overflow_claw, uniq_ijyb
D:5:      layout_cave_pools, nicolae_overflow_crystal_walls,
          gup_sewer_entry_bubbles, uniq_duvessa
D:6:      layout_cave_pods, minmay_temple_entry_purple_smoke,
          minmay_manual_mess, uniq_menkaure
D:7:      layout_rooms, nicolae_vehumet_radiance, mainiacjoe_overflow_swirl,
          enter_bailey_3
D:8:      layout_basic, elyvilon_altar_5, uniq_maurice, uniq_prince_ribbit1,
          uniq_maggie
D:9:      layout_rooms, overflow_temple_1_default, bloody_makhleb, uniq_amaemon
D:10:     layout_loops_ring, nicolae_ru_sacrificial_ziggurat
D:11:     layout_roguey [special_room_orc], grunt_lair_entry_orc_guard_hut,
          serial_shops, nicolae_stop_n_shop_1
D:12:     minmay_nested_s, layout_cross, david_orc_4, uniq_nessos
D:13:     layout_layer_cave, hangedman_vaults_entry_quadrant_bands, uniq_azrael,
          uniq_josephine
D:14:     layout_roguey, nicolae_uskayaw_murder_on_the_dancefloor, uniq_rupert
D:15:     grunt_enter_depths_magical_seal, layout_rooms, okawaru_trees_2,
          uniq_kirke
Lair:1:   layout_cave_pods, grunt_megastairs_1, uniq_gastronok
Lair:2:   layout_small_grid, palyth_hydra_swamp_entry
Lair:3:   layout_misc_corridors, guppyfry_snake_entry_garden,
          gammafunk_ghost_icy, minmay_stone_trees_small,
          chequers_serial_rivers_large_b
Lair:4:   layout_regular_city, slime_entry_1, kennysheep_rathole,
          serial_bayou_shore_a
Lair:5:   guppyfry_lair_end_dragon, layout_small_grid, wormcave,
          chequers_serial_rivers_small_3, uniq_snorg
Swamp:1:  layout_basic_swamp, hangedman_swamp_diagram
Swamp:2:  layout_basic_swamp, gammafunk_ghost_berserking_beasts,
          evilmike_swamp_ruin_house_1
Swamp:3:  layout_falls_marsh, evilmike_swamp_ruin_house_2, uniq_mara,
          uniq_louise, uniq_bai_suzhen, uniq_roxanne
Orc:1:    gammafunk_beogh_shrine, layout_diamond_mine, basic_altar,
          ebering_ghost_disaster_area, nicolae_orc_pool_cavern
Orc:2:    grunt_orc_tribal_feast, layout_diamond_mine, nicolae_shop_firing_range

Skill      XL: |  1  2  3  4  5  6  7  8  9 10 11 12 13 14 15 16 17 |
---------------+----------------------------------------------------+-----
Fighting       | 2 3 4 5 7 9 10 11 13 14 15 | 15.0
Short Blades   | 2 3 4 6 7 9 10 | 10.0
Dodging        | 1 2 3 4 5 6 |  6.0
Throwing       | 2 3 7 |  7.0
Stealth        | 5 6 7 8 10 | 10.1
Invocations    | 1 2 4 6 12 13 14 15 | 15.1
Maces & Flails | 5 9 |  9.3
Armour         | 4 7 10 11 | 11.2
Staves         | 8 11 | 11.8
Evocations     | 1 4 |  4.4

Action                   |  1- 3 |  4- 6 |  7- 9 | 10-12 | 13-15 | 16-18 || total
-------------------------+-------+-------+-------+-------+-------+-------++-------
Melee: Dagger            |    96 |   128 |   519 |    72 |   443 |       ||  1258
       Tailslap          |    10 |    16 |    81 |    16 |   328 |   218 ||   669
       Punch             |     1 |       |     8 |     3 |    27 |     8 ||    47
       Demon whip        |       |       |    13 |       |   375 |    13 ||   401
       Headbutt          |       |       |       |    18 |   464 |   306 ||   788
       Short sword       |       |       |       |       |   745 |   454 ||  1199
       Lajatang          |       |       |       |       |       |   605 ||   605
Throw: Dart              |       |     3 |     6 |    17 |    33 |     7 ||    66
       Boomerang         |       |       |       |       |       |    20 ||    20
Invok: Stomp             |       |       |       |       |     2 |    14 ||    16
       Grand Finale      |       |       |       |       |     1 |     3 ||     4
       Line Pass         |       |       |       |       |       |     2 ||     2
Evoke: Wand              |       |       |       |       |     2 |     2 ||     4
       Condenser vane    |       |       |       |       |     1 |     1 ||     2
  Use: Scroll            |       |     5 |    15 |     2 |    16 |    10 ||    48
       Potion            |       |       |     2 |     3 |     9 |     9 ||    23
 Stab: Sleeping          |     3 |     6 |    17 |       |    31 |    22 ||    79
       Paralysed         |       |       |    13 |       |   110 |   116 ||   239
       Distracted        |       |       |     2 |       |     6 |     3 ||    11
       Invisible         |       |       |       |       |     6 |       ||     6
       Petrified         |       |       |       |       |     1 |       ||     1
       Confused          |       |       |       |       |       |     7 ||     7
Armor: Robe              |    52 |    12 |       |       |       |       ||    64
       Ring mail         |       |    46 |    46 |       |       |       ||    92
       Steam dragon scal |       |       |   142 |     7 |    48 |       ||   197
       Swamp dragon scal |       |       |       |       |   448 |   567 ||  1015
Dodge: Dodged            |    47 |    43 |   229 |    19 |   731 |   664 ||  1733

Table legend: (Time is in decaauts)
 A = Elapsed time spent in this place.
 B = Non-inter-level travel time spent in this place.
 C = Inter-level travel time spent in this place.
 D = Time resting spent in this place.
 E = Time spent auto-exploring this place.
 F = Levels seen in this place.
 G = Mean time per level.
                   A        B        C        D        E       F      G
               +--------+--------+--------+--------+--------+-----+--------+
         Total |  28295 |  26737 |   1558 |   2667 |  18425 |  27 | 1048.0 |
       Dungeon |  14237 |  13307 |    930 |    500 |   9665 |  15 |  949.1 |
          Lair |   8506 |   8057 |    449 |   1251 |   5343 |   5 | 1701.2 |
         Swamp |   2821 |   2731 |     90 |    750 |   1599 |   3 |  940.3 |
  Orcish Mines |   1491 |   1403 |     88 |    139 |    982 |   2 |  745.5 |
         Sewer |    759 |    759 |      0 |      0 |    523 |   1 |  759.0 |
        Bailey |    479 |    479 |      0 |     27 |    311 |   1 |  479.0 |
               +--------+--------+--------+--------+--------+-----+--------+

Top non-repeatable levels by time:
  Lair:5: 2058 daAuts
  Lair:1: 1992 daAuts
  Lair:2: 1706 daAuts
    D:13: 1550 daAuts
    D:11: 1542 daAuts
 Swamp:2: 1531 daAuts
  Lair:3: 1466 daAuts
    D:12: 1446 daAuts
  Lair:4: 1282 daAuts
 Swamp:1: 1192 daAuts
   Orc:2: 1036 daAuts
    D:14: 1029 daAuts
     D:6: 997 daAuts
     D:8: 896 daAuts
     D:4: 886 daAuts
